 Dungeon Crawl Stone Soup version 0.30-a0-1042-gacf32f4bd3 (webtiles) character file.

Game seed: 841524452599808786

10983 DryNick the Fighter (level 12, -4/91 HPs)
             Began as a Djinni Hedge Wizard on Feb 17, 2023.
             Was a Believer of Ashenzari.
             Killed by divine providence
             ... invoked by a meliai
              (12 damage)
             ... on level 11 of the Dungeon on Apr 9, 2023.
             The game lasted 01:39:48 (12720 turns).

DryNick the Fighter (Djinni Hedge Wizard)          Turns: 12720, Time: 01:39:49

Health: -4/91      AC: 10    Str:  7    XL:     12   Next: 2%
Gold:   984        EV: 17    Int: 19    God:    Ashenzari [**....] SH:  0 Dex: 15

rFire   + . .      SeeInvis +    z - +1 dagger (venom)
rCold   . . .      Faith    .    (no shield)
rNeg    . . .      Spirit   .    b - +2 robe of the Sublime Ordeal {Rampage Regen+, Evo, Melee} (curse)
rPois   ∞          Reflect  .    c - +0 hat
rElec   .          Rampage  +    q - +0 cloak {Stlth+}
rCorr   .                        (no gloves)
Will    +....                    (boots unavailable)
Stlth   ++++                     v - amulet "Thunder Perfect Mind" {Acrobat, Cun, Evo} (curse)
HPRegen 1.15/turn                t - ring of ice
MPRegen 0.00/turn                o - ring of Ashenzari's Secrets {AC+4, Fort, Melee} (curse)

@: flying, invisible
A: sickness immunity, fire resistance 2, cold vulnerability 1, float, innate
caster, HP casting, extra vitality 1, weak 1, wild magic 1
a: Renounce Religion, Shatter the Chains


You were on level 11 of the Dungeon.
You worshipped Ashenzari.
Ashenzari was pleased with you.
You visited 2 branches of the dungeon, and saw 12 of its levels.
You also visited: Ossuary.

You collected 1006 gold pieces.
You spent 22 gold pieces at shops.

Inventory:

Hand Weapons
 r - a +0 short sword of distortion
 z - a +1 dagger of venom (weapon)
 E - a +3 long sword
 O - a +2 heavy halberd
Missiles
 i - 122 stones
 w - 13 silver boomerangs
Armour
 b - the cursed +2 robe of the Sublime Ordeal (worn) {Rampage Regen+, Evo, Melee}
   (You found it on level 7 of the Dungeon)

   Regen:     It increases your rate of health regeneration.
   Rampage:   It bestows one free step when moving towards enemies.
   It has a curse which improves the following skills: Evocations: Evocations.
   Melee Combat: Short Blades, Long Blades, Axes, Maces & Flails, Polearms,
   Staves and Unarmed Combat.
 c - a +0 hat (worn)
 j - a +0 cloak
 p - +0 steam dragon scales
 q - a +0 cloak of stealth (worn)
 u - a +1 ring mail of willpower
 P - a +0 troll leather armour
 Q - a +0 kite shield
Jewellery
 g - a ring of positive energy
 m - a ring of willpower
 o - the cursed ring of Ashenzari's Secrets (right hand) {AC+4, Fort, Melee}
   (You found it on level 2 of the Dungeon)

   [ring of protection]

   AC:        It affects your AC (+4).
   It has a curse which improves the following skills: Fortitude: Armour and
   Shields.
   Melee Combat: Short Blades, Long Blades, Axes, Maces & Flails, Polearms,
   Staves and Unarmed Combat.
 t - a ring of ice (left hand)
 v - the cursed amulet "Thunder Perfect Mind" (around neck) {Acrobat, Cun, Evo}
   (You found it on level 5 of the Dungeon)

   [amulet of the acrobat]

   It increases your evasion while moving and waiting.
   It has a curse which improves the following skills: Cunning: Dodging and
   Stealth.
   Evocations: Evocations.
 D - a ring of wizardry
Wands
 k - a wand of polymorph (16)
 n - a wand of light (11)
Scrolls
 f - a scroll of magic mapping
 l - 2 scrolls of vulnerability
 s - 4 scrolls of immolation
 x - 2 scrolls of teleportation
 H - a scroll of poison
 I - a scroll of enchant armour
 J - a scroll of fog
 L - 4 scrolls of enchant weapon
 M - 2 scrolls of fear
Potions
 a - a potion of berserk rage
 d - a potion of lignification
 e - a potion of resistance
 h - 2 potions of mutation
 A - 2 potions of heal wounds
 B - a potion of attraction
 C - a potion of curing
 G - a potion of cancellation
 K - 2 potions of might
 N - 2 potions of haste


   Skills:
 * Level 10.2 Fighting
 + Level 4.9(6.6) Short Blades
 + Level 7.3(8.5) Armour
 + Level 8.2(9.4) Dodging
 + Level 3.8(4.8) Stealth
 + Level 7.2 Spellcasting


You knew the following spells:

 Your Spells              Type           Power      Damage    Failure   Level
a - Magic Dart            Conj           100%       1d8       1%          1
b - Slow                  Hex            100%       N/A       1%          1
c - Blink                 Tloc           88%        N/A       1%          2
d - Call Imp              Summ           88%        N/A       1%          2
e - Mephitic Cloud        Conj/Pois/Air  44%        N/A       3%          3
f - Sandblast             Erth           88%        2d18      1%          1
g - Static Discharge      Conj/Air       88%        2-6/arc   1%          2
h - Gell's Gravitas       Tloc           44%        N/A       3%          3
i - Portal Projectile     Hex/Tloc       88%        N/A       3%          3
j - Flame Wave            Conj/Fire      44%        2d11      8%          4
Your spell library was empty.

Dungeon Overview and Level Annotations

Branches:
Dungeon (11/15)            Temple (1/1) D:6            Lair (0/5) D:8
Ossuary (visited)
    Orc: D:9-12

Altars:
Ashenzari
Cheibriados
Dithmenos
Elyvilon
Fedhas
Gozag
Hepliaklqana
Makhleb
Nemelex Xobeh
Okawaru
Qazlal
Ru
Trog
Uskayaw
Wu Jian
Xom
Yredelemnul
Zin
The Shining One

Shops:
D:2 *:?[=   D:4 *   D:11 [

Annotations:
D:3 3 runed translucent doors, Beaer's ghost, novice FoHu
D:4 2 transporters, Menkaure


Innate Abilities, Weirdness & Mutations

You are immune to sickness and miasma.
You are immune to poison.
Your flesh is very heat resistant. (rF++)
You are vulnerable to cold. (rC-)
You float through the air rather than walking.
You learn spells naturally, not from books.
Your magical power is your life essence.
You have superior vitality. (+4 MHP)
You are weak. (Str -2)
Your spells are a little harder to cast, but a little more powerful.


Message History

You feel much better. The meliai hits you with a +0 hand axe!
The meliai closely misses you.
A killer bee comes into view.
The meliai barely misses you.
The meliai stings you but does no damage.
The killer bee barely misses the centaur.
The killer bee stings itself!
The killer bee buzzes around in tight circles.
A killer bee comes into view.
The wraith hits you!
* * * LOW HITPOINT WARNING * * *
The purple ugly thing closely misses you.
You fade into invisibility!
The meliai barely misses you. The meliai stings you.
* * * LOW HITPOINT WARNING * * *
A killer bee comes into view.
The killer bee closely misses the purple ugly thing.
The meliai hits you but does no damage. The meliai stings you!
* * * LOW HITPOINT WARNING * * *
The killer bee stings the killer bee!
The killer bee is poisoned.
The killer bee poisons the killer bee!
The killer bee closely misses the purple ugly thing.
The centaur wields a +0 shortbow.
The centaur shoots an arrow.
The arrow hits the killer bee!
The killer bee dies!
The wraith misses you. The purple ugly thing claws you!
* * * LOW HITPOINT WARNING * * *
You hear an angry buzzing noise.
You hear an angry buzzing noise.
You see here a killer bee corpse.
Aiming: Sandblast (safe; 1% risk of failure)
Press: ? - help, Q - select action, (/) - cycle Shift-Dir - straight line, f - wraith
Aim: a wraith (almost destroyed, 85% to hit)
The blast of sand hits the wraith.
The wraith is almost destroyed.
* * * LOW HITPOINT WARNING * * *
The wraith hits you but does no damage.
The meliai calls down the wrath of its god upon you.
Something smites you!
You die...

, .## , * , , , #.y#. #
,, *...y### *#*.. .#,,
.#....y#., y#... * ,#.#
* ......c..###g.. *
.#.# ,..#..†uY#yB#..#,
, #.#.# *
...c.†uyyy.y... * ,
.....#### ##.##W# , *
*,......#..#.##.@#.#,,
, * #...##.##.##.#.## #
#................
.#########.#######[####
, ..#........# ### .#
..#.######.........#
....#....#........ . *
* ...)#<.#.#........ .
* ....####.......... *
,*


You could see a boulder beetle (unable to see you), a yak (unable to see you), a
wraith, a gnoll sergeant (unable to see you), a meliai (unable to see you), a
centaur (unable to see you) and 4 killer bees.

Vanquished Creatures
  3 two-headed ogres
  2 cyclopes
  A komodo dragon (D:8)
  2 trolls
  Sigmund (D:2)
  14 yaks
  2 wyverns
  A wraith (D:9)
  Grum (D:8)
  2 steam dragons (D:9)
  2 water moccasins
  3 orc warriors
  4 sky beasts
  3 black bears
  2 ice beasts (D:7)
  An ogre (D:4)
  4 wolves (D:8)
  5 centaurs
  A phantom (D:7)
  A gnoll sergeant (D:9)
  3 kobold brigands
  6 bullfrogs
  2 scorpions (D:5)
  20 killer bees
  4 jellies
  A gnoll bouda (D:6)
  2 orc priests
  4 hounds
  3 iguanas
  2 sleepcaps
  3 orc wizards
  8 mummies (Ossuary)
  5 gnolls
  13 adders
  A white imp (D:6)
  3 dart slugs
  23 orcs
  6 ball pythons
  6 bats
  5 endoplasms
  3 giant cockroaches
  6 hobgoblins
  11 jackals
  4 quokkas
  A frilled lizard (D:3)
  4 gnoll zombies (Ossuary)
  4 goblins
  A hobgoblin zombie (Ossuary)
  25 kobolds
  A kobold zombie (Ossuary)
  2 orc zombies (Ossuary)
  9 rats
246 creatures vanquished.

Vanquished Creatures (collateral kills)
  A scorpion (D:6)
  An orc wizard (D:8)
2 creatures vanquished.

Vanquished Creatures (others)
  A killer bee (D:11)
  18 fungi (D:8)
  14 plants (D:8)
33 creatures vanquished.

Grand Total: 281 creatures vanquished

Notes
Turn   | Place    | Note
-------+----------+-------------------------------------------
     0 | D:1      | DryNick the Djinni Hedge Wizard began the quest for the
                  | Orb.
     0 | D:1      | DryNick set off with the following spells memorised: Magic
                  | Dart, Slow, Blink, Call Imp, Mephitic Cloud.
     0 | D:1      | Reached XP level 1. HP: 15/15 MP: 0/0
    43 | D:1      | Upgraded the game from 0.30-a0-779-g7971cf19c3 to
                  | 0.30-a0-1042-gacf32f4bd3
   181 | D:1      | Reached XP level 2. HP: 15/21 MP: 0/0
   777 | D:1      | Reached XP level 3. HP: 24/25 MP: 0/0
   777 | D:1      | Learned a level 1 spell: Sandblast
  1316 | D:2      | Found Todopt's General Store.
  1374 | D:2      | Found Sihonaam's Book Shop.
  1390 | D:2      | Reached XP level 4. HP: 25/31 MP: 0/0
  1723 | D:2      | Reached skill level 1 in Fighting
  1837 | D:2      | Found Daifuitt's Magic Scroll Boutique.
  1860 | D:2      | Bought a scroll of identify for 22 gold pieces
  2072 | D:3      | Reached skill level 1 in Short Blades
  2167 | D:3      | Reached skill level 1 in Armour
  2167 | D:3      | Reached XP level 5. HP: 36/37 MP: 0/0
  2167 | D:3      | Learned a level 2 spell: Static Discharge
  2254 | D:3      | Noticed an ice beast
  2288 | D:4      | Found a transporter.
  2353 | D:4      | Gained mutation: Your spells are a little easier to cast,
                  | but a little less powerful. [potion of mutation]
  2353 | D:4      | Gained mutation: You are strong-willed. (Will+) [potion of
                  | mutation]
  2525 | D:3      | Found a runed translucent gate.
  2525 | D:3      | Found a runed translucent gate.
  2525 | D:3      | Found a runed translucent gate.
  2527 | D:3      | Identified the +7 scale mail of the Old World {Drain rC+
                  | Will+ Dex+2}
  2541 | D:3      | Noticed Beaer's ghost (novice FoHu)
  3060 | D:3      | Found a glowing silver altar of Zin.
  3065 | D:3      | Found a broken altar of Ashenzari.
  3664 | D:2      | Found Builihuga's Armour Shoppe.
  3666 | D:2      | Found Cudithic's Jewellery Emporium.
  3666 | D:2      | Noticed Sigmund
  3681 | D:2      | Killed Sigmund
  3682 | D:2      | Reached XP level 6. HP: 25/43 MP: 0/0
  3980 | D:4      | Found a transporter.
  3983 | D:4      | Found a basalt altar of Yredelemnul.
  3985 | D:4      | Noticed Menkaure
  4177 | D:3      | Became a worshipper of Ashenzari the Shackled
  4237 | D:4      | Noticed an ogre
  4263 | D:4      | Killed an ogre
  4264 | D:4      | Reached skill level 2 in Fighting
  4264 | D:4      | Reached XP level 7. HP: 41/49 MP: 0/0
  4264 | D:4      | Learned a level 3 spell: Gell's Gravitas
  4422 | D:4      | Found Haheid's Neck Hole.
  4818 | D:5      | Entered Level 5 of the Dungeon
  4910 | D:5      | Noticed a yak
  4998 | D:5      | Reached skill level 3 in Fighting
  4998 | D:5      | Reached skill level 5 in Spellcasting
  4998 | D:5      | Reached XP level 8. HP: 25/56 MP: 0/0
  5676 | D:5      | Noticed a yak
  5735 | D:4      | Killed a yak
  5736 | D:4      | Reached skill level 4 in Fighting
  5973 | D:5      | Killed a yak
  6107 | D:5      | Noticed a yak
  6107 | D:5      | Noticed a yak
  6107 | D:5      | Noticed a yak
  6337 | D:4      | Killed a yak
  6434 | D:4      | Killed a yak
  6435 | D:4      | Reached skill level 5 in Fighting
  6435 | D:4      | Reached skill level 5 in Dodging
  6435 | D:4      | Reached XP level 9. HP: 46/65 MP: 0/0
  6435 | D:4      | Learned a level 3 spell: Portal Projectile
  6930 | D:6      | Reached skill level 6 in Fighting
  6974 | D:6      | Found a staircase to the Ecumenical Temple.
  7443 | Temple   | Entered the Ecumenical Temple
  8033 | D:7      | Reached skill level 5 in Armour
  8290 | D:7      | Reached skill level 7 in Fighting
  8336 | D:7      | Reached XP level 10. HP: 43/75 MP: 0/0
  8595 | D:7      | Identified the +2 robe of a wizard's laboratory {Rampage
                  | Regen+}
  8946 | D:8      | Found a sand-covered staircase.
  8953 | Ossuary  | Entered an ossuary
  9273 | D:8      | Reached * piety under Ashenzari
  9307 | D:7      | Lost mutation: You are strong-willed. (Will+) [potion of
                  | mutation]
  9307 | D:7      | Lost mutation: Your spells are a little easier to cast, but
                  | a little less powerful. [potion of mutation]
  9307 | D:7      | Gained mutation: You have a somewhat thin skeletal
                  | structure. (Dex +2, Stealth+) [potion of mutation]
  9307 | D:7      | Gained mutation: You are frail. (-10% HP) [potion of
                  | mutation]
  9307 | D:7      | Gained mutation: You have a pair of small horns on your
                  | head. [potion of mutation]
  9308 | D:7      | Lost mutation: You have a somewhat thin skeletal structure.
                  | (Dex +2, Stealth+) [potion of mutation]
  9308 | D:7      | Lost mutation: You have a pair of small horns on your head.
                  | [potion of mutation]
  9308 | D:7      | Lost mutation: You are frail. (-10% HP) [potion of
                  | mutation]
  9308 | D:7      | Gained mutation: Your spells are a little harder to cast,
                  | but a little more powerful. [potion of mutation]
  9308 | D:7      | Gained mutation: You are weak. (Str -2) [potion of
                  | mutation]
  9576 | D:8      | Noticed a komodo dragon
  9583 | D:8      | Killed a komodo dragon
  9587 | D:8      | Noticed a two-headed ogre
  9748 | D:8      | Noticed Grum
  9759 | D:8      | Killed Grum
  9760 | D:8      | Reached skill level 8 in Fighting
  9792 | D:8      | Killed a two-headed ogre
 10028 | D:8      | Noticed a two-headed ogre
 10121 | D:8      | Noticed a cyclops
 10362 | D:8      | Killed a two-headed ogre
 10363 | D:8      | Reached XP level 11. HP: 82/82 MP: 0/0
 10363 | D:8      | Learned a level 4 spell: Flame Wave
 10390 | D:8      | Found a staircase to the Lair.
 10534 | D:8      | Killed a cyclops
 10535 | D:8      | Reached skill level 9 in Fighting
 10853 | D:9      | Noticed a cyclops
 10859 | D:9      | Killed a cyclops
 11386 | D:10     | Entered Level 10 of the Dungeon
 11919 | D:10     | Reached ** piety under Ashenzari
 12115 | D:10     | Reached skill level 10 in Fighting
 12620 | D:11     | Noticed a boulder beetle
 12624 | D:11     | Found Gukamas's Antique Armour Emporium.
 12626 | D:11     | Noticed a two-headed ogre
 12633 | D:11     | Killed a two-headed ogre
 12702 | D:11     | Noticed a green ugly thing
 12709 | D:11     | Noticed a purple ugly thing
 12710 | D:11     | Noticed a boulder beetle
 12713 | D:11     | Reached XP level 12. HP: 64/91 MP: 0/0
 12720 | D:11     | Killed from afar by a meliai

Illustrated notes

Levels and vault maps discovered:
D:1:      dpeg_arrival_tiny_k, layout_loops_ring, glass_columns_c
D:2:      layout_loops_ring, serial_shops, shop, shop, nicolae_square_shop,
          shop, nicolae_shop_statue_plus, uniq_sigmund
D:3:      minmay_wonky_spiral, layout_basic, minitemple,
          biasface_ghost_orc_armoury
D:4:      layout_cave_pools, gammafunk_temple_of_torment, roderic_roman_lattice,
          minmay_statues_item, minmay_misc_feat_pillars,
          nicolae_shop_sticking_my_neck_out
D:5:      layout_basic, st_stairs_11, small_statue_alley_b
D:6:      layout_rooms, minmay_temple_entry_ruins
D:7:      layout_loops_ring, chequers_serial_rivers_micro_a, st_stairs_8
D:8:      layout_basic, grunt_lair_entry_orc_guard_hut,
          nicolae_ossuary_entry_ruins, palyth_stone_intersect, corner_web_ring,
          uniq_grum
D:9:      layout_basic, hangedman_decor_push, st_stairs_1, solitary_fountain,
          minmay_unpleasant_kobolds
D:10:     layout_small_grid, serial_co_window_serial, co_window_paths_b,
          co_window_paths_a, co_window_paths_b, co_window_paths_b,
          co_window_paths_a, co_window_corner_a, co_window_of_opportunity_a,
          co_window_2corner, co_window_unsneaky_path_e, co_window_2corner,
          co_window_cross_3, co_window_2corner, co_window_unsneaky_path_a,
          co_window_paths_e, glass_columns_b, glass_columns_b
D:11:     hangedman_what_comes_after_a, layout_basic, serial_shops,
          shop_fountains, nicolae_diode_quadrants
Temple:   dpeg_five_rooms_temple

Skill      XL: |  1  2  3  4  5  6  7  8  9 10 11 |
---------------+----------------------------------+-----
Spellcasting   | 3 4 5 6 7 |  7.2
Dodging        | 3 5 6 7 8 |  8.2
Fighting       | 1 2 3 5 7 8 10 | 10.2
Short Blades   | 1 3 4 |  4.9
Armour         | 1 2 4 5 6 7 |  7.3
Stealth        | 2 3 |  3.8

Action                     |  1- 3 |  4- 6 |  7- 9 | 10-12 || total
---------------------------+-------+-------+-------+-------++-------
  Melee: Dagger            |   163 |   106 |    47 |   151 ||   467
         Punch             |     1 |     2 |       |     2 ||     5
  Throw: Boomerang         |       |       |       |     2 ||     2
   Cast: Magic Dart        |    19 |     7 |    41 |    31 ||    98
         Slow              |    27 |    24 |    53 |    43 ||   147
         Blink             |     1 |     4 |     8 |     3 ||    16
         Sandblast         |       |    71 |   159 |   183 ||   413
         Static Discharge  |       |     3 |     7 |     5 ||    15
         Mephitic Cloud    |       |     2 |    10 |    14 ||    26
         Call Imp          |       |     2 |     6 |     3 ||    11
         Gell's Gravitas   |       |       |     5 |       ||     5
         Flame Wave        |       |       |       |     2 ||     2
 Invoke: Curse Item        |       |       |     1 |     2 ||     3
    Use: Scroll            |       |     6 |     2 |     5 ||    13
         Potion            |       |     1 |     2 |     4 ||     7
   Stab: Sleeping          |     3 |     4 |       |     3 ||    10
         Confused          |       |       |       |     1 ||     1
 Armour: Robe              |    63 |    42 |     2 |    45 ||   152
         Ring mail         |       |       |    57 |    39 ||    96
         Skin              |       |       |    16 |       ||    16
  Dodge: Dodged            |   140 |   106 |    78 |   248 ||   572

Table legend: (Time is in decaauts)
 A = Elapsed time spent in this place.
 B = Non-inter-level travel time spent in this place.
 C = Inter-level travel time spent in this place.
 D = Time resting spent in this place.
 E = Time spent auto-exploring this place.
 F = Levels seen in this place.
 G = Mean time per level.
                   A        B        C        D        E       F      G
               +--------+--------+--------+--------+--------+-----+--------+
         Total |  12900 |  12281 |    619 |    650 |   8179 |  13 |  992.3 |
       Dungeon |  12316 |  11745 |    571 |    631 |   7812 |  11 | 1119.6 |
        Temple |    260 |    212 |     48 |      0 |    201 |   1 |  260.0 |
       Ossuary |    322 |    322 |      0 |     19 |    166 |   1 |  322.0 |
               +--------+--------+--------+--------+--------+-----+--------+

Top non-repeatable levels by time:
     D:5: 1674 daAuts
     D:7: 1653 daAuts
     D:3: 1490 daAuts
     D:1: 1296 daAuts
     D:2: 1236 daAuts
    D:10: 1226 daAuts
     D:4: 1199 daAuts
     D:8: 983 daAuts
     D:9: 786 daAuts
     D:6: 666 daAuts
 Ossuary: 322 daAuts
  Temple: 260 daAuts
    D:11: 104 daAuts
